 Dungeon Crawl Stone Soup version 0.17.1-1-g73c8601 (webtiles) character file.

80 Jmtri7 the Charlatan (level 4, -6/32 HPs)
             Began as a Formicid Artificer on Dec 25, 2015.
             Shot with an arrow by a centaur (10 damage)
             ... on level 12 of the Dungeon.
             The game lasted 00:03:19 (162 turns).

Jmtri7 the Charlatan (Formicid Artificer)            Turns: 162, Time: 00:03:19

Health: -6/32      AC:  3    Str: 17    XL:     4   Next: 65%
Magic:  7/7        EV: 12    Int: 11    God:
Gold:   45         SH:  0    Dex: 11    Spells: 0 memorised, 3 levels left

rFire  . . .     SeeInvis +     h - +1 falchion (freeze) (curse)
rCold  . . .     Clarity  .     b - +0 leather armour
rNeg   . . .     SustAt   .     (no shield)
rPois  .         Gourm    .     (helmet unavailable)
rElec  .         Spirit   .     (no cloak)
rCorr  .         Warding  .     (no gloves)
rMut   .         Stasis   +     (no boots)
MR     .....                    (no amulet)
Stlth  +.........               (no ring)
                                g - ring of wizardry

@: lethally poisoned (-6 -> -10), not resistant to hostile enchantments, very
unstealthy
A: permanent stasis, dig shafts and tunnels, four strong arms, antennae 3
a: Dig, Shaft Self


You were on level 12 of the Dungeon.
You were hungry.

You visited 1 branch of the dungeon, and saw 8 of its levels.

You collected 45 gold pieces.

Inventory:

Hand Weapons
 h - a cursed +1 falchion of freezing (weapon)
Armour
 b - a +0 leather armour (worn)
Jewellery
 g - a ring of wizardry (left hand)
Wands
 c - a wand of flame (1)
 d - a wand of enslavement (13)
 e - a wand of random effects (15)
Comestibles
 f - a bread ration


   Skills:
 + Level 1.4 Fighting
   Level 1.1 Short Blades
 + Level 0.0 Armour
 - Level 2.1 Dodging
 - Level 1.2 Stealth
 - Level 5.2 Evocations


You had 3 spell levels left.
You didn't know any spells.

Dungeon Overview and Level Annotations

Branches:
Dungeon (12/15)
 Temple: D:4-7         Lair: D:8-11         Orc: D:9-12

Altars:


Innate Abilities, Weirdness & Mutations

You are under a permanent stasis effect.
You can dig through walls and to a lower floor.
Your four strong arms can wield two-handed weapons with a shield.
You have a pair of large antennae on your head (SInv).


Message History

You are poisoned.
The centaur wields a shortbow.
The centaur shoots an arrow.
The arrow hits your centaur!
A centaur comes into view.
You feel sick.
The centaur shoots an arrow.
The arrow hits your centaur.
The centaur wields a shortbow.
The centaur shoots an arrow.
The arrow hits your centaur!
Your centaur dies!
The centaur looks more experienced.
You feel sick.
The centaur shoots an arrow.
The arrow closely misses you.
The centaur shoots an arrow.
The arrow hits you.
You see here 2 arrows.
Are you sure you want to shaft yourself?
You are feeling hungry.
You feel sick.
The centaur wields a shortbow.
The centaur shoots an arrow.
The arrow hits you!
* * * LOW HITPOINT WARNING * * *
You begin to dig a shaft.
You continue digging a shaft.
The centaur shoots an arrow.
The arrow hits you!
You die...

..# #..# .# #..# #..#
#..# { { { { #..# {
#..##+###
################........
cc.ccc.(.(..............
..cc######@.#########...
. #..# .. #..# {. #..#
#..# #..# { #..# #..#


You could see 3 centaurs.

Vanquished Creatures
  A wight (D:11)
1 creature vanquished.

Vanquished Creatures (collateral kills)
  A wight (D:11)
1 creature vanquished.

Vanquished Creatures (others)
  A centaur (D:12)
1 creature vanquished.

Grand Total: 3 creatures vanquished

Notes
Turn   | Place    | Note
--------------------------------------------------------------
     0 | D:1      | Jmtri7 the Formicid Artificer began the quest for the Orb.
     0 | D:1      | Reached XP level 1. HP: 15/15 MP: 3/3
     8 | D:1      | You fall through a shaft!
    11 | D:2      | You fall through a shaft for 2 floors!
    14 | D:4      | You fall through a shaft for 3 floors!
    17 | D:7      | You fall through a shaft for 2 floors!
    20 | D:9      | You fall through a shaft!
    20 | D:10     | Entered Level 10 of the Dungeon
    23 | D:10     | You fall through a shaft!
    39 | D:11     | Noticed a wight
    42 | D:11     | Noticed a wight
    49 | D:11     | Killed a wight
    49 | D:11     | Reached skill level 4 in Evocations
    49 | D:11     | Reached XP level 2. HP: 14/21 MP: 5/5
    49 | D:11     | Reached XP level 3. HP: 17/26 MP: 6/6
    50 | D:11     | Noticed a wight
    60 | D:11     | Killed a wight
    60 | D:11     | Reached skill level 5 in Evocations
    60 | D:11     | Reached XP level 4. HP: 18/32 MP: 7/7
    76 | D:11     | You fall through a shaft!
   155 | D:12     | Noticed a centaur
   156 | D:12     | Noticed a centaur
   156 | D:12     | Noticed a centaur
   157 | D:12     | Noticed a centaur
   157 | D:12     | Noticed a centaur
   158 | D:12     | Noticed a centaur
   158 | D:12     | a centaur (ally) was killed
   162 | D:12     | Shot with an arrow by a centaur

Action                   |  1- 3 |  4- 6 || total
-------------------------+-------+-------++-------
 Abil: Shaft Self        |     6 |     2 ||     8
       Dig               |     1 |       ||     1
Evoke: Wand              |    15 |     1 ||    16
